 Dungeon Crawl Stone Soup version 0.22-a0-619-ga0c6fd2 (webtiles) character file.

10828 Amnesiac the Thaumaturge (level 11, -9/68 HPs)
             Began as a Mummy Earth Elementalist on July 14, 2018.
             Was a Follower of Ashenzari.
             Mangled by a two-headed ogre
             ... wielding a +0 giant club
              (12 damage)
             ... on level 10 of the Dungeon.
             The game lasted 00:26:23 (11298 turns).

Amnesiac the Thaumaturge (MuEE)                    Turns: 11298, Time: 00:26:23

Health: -9/68      AC:  6    Str: 13    XL:     11   Next: 41%
Magic:  1/24       EV: 15    Int: 17    God:    Ashenzari [*.....]
Gold:   200        SH:  5    Dex: 12    Spells: 13/28 levels left

rFire    + . .     SeeInvis .   a - +2 dagger (drain) (curse)
rCold    + + .     Gourm    .   m - +0 buckler
rNeg     + + +     Faith    .   d - +2 robe {rF+}
rPois    ∞         Spirit   .   f - +0 helmet (curse)
rElec    .         Reflect  .   t - scarf {rC+ rF+} (curse)
rCorr    .         Harm     .   (no gloves)
MR       ++...                  w - +0 pair of boots (curse)
Stlth    +++.......             r - amulet of regeneration (curse)
HPRegen  0.61/turn              u - ring of wizardry (curse)
MPRegen  0.19/turn              h - ring of protection from magic

@: no status effects
A: no food or potions, fire vulnerability, cold resistance 1, negative energy
resistance 3, torment resistance, unbreathing
a: Curse Item, Scrying, Renounce Religion


You were on level 10 of the Dungeon.
You worshipped Ashenzari.
Ashenzari was aware of your devotion.
You were not hungry.

You visited 2 branches of the dungeon, and saw 12 of its levels.
You also visited: Bailey.

You collected 691 gold pieces.
You spent 491 gold pieces at shops.

Inventory:

Hand Weapons
 a - a cursed +2 dagger of draining (weapon)
Missiles
 p - 121 stones (quivered)
Armour
 b - a +1 large shield of resistance
 d - a +2 robe of fire resistance (worn)
 f - a cursed +0 helmet (worn)
 m - a +0 buckler (worn)
 t - a cursed scarf of resistance (worn)
 w - a cursed +0 pair of boots (worn)
Jewellery
 h - a ring of protection from magic (right hand)
 i - an uncursed ring of wizardry
 r - a cursed amulet of regeneration (around neck)
 u - a cursed ring of wizardry (left hand)
Wands
 c - a wand of disintegration (7)
 s - a wand of acid (2)
 x - a wand of polymorph (26)
 z - a wand of flame (20)
 C - a wand of digging (6)
Scrolls
 e - 4 scrolls of fog {!r}
 g - 23 scrolls of identify {!r}
 j - 7 scrolls of remove curse {!r}
 k - 7 scrolls of teleportation {!r, unknown}
 l - 5 scrolls of blinking {!r, unknown}
 n - 3 scrolls of magic mapping {!r}
 o - a scroll of holy word {!r, unknown}
 q - a scroll of amnesia {!r, unknown}
 v - a scroll of enchant weapon {!r, unknown}
 y - a scroll of vulnerability {!r, unknown}
 A - 3 scrolls of fear {!r, unknown}
 B - 2 scrolls of acquirement {!r, unknown}
 D - 2 scrolls of enchant armour {!r}
 E - a scroll of noise {!r}
Miscellaneous
 F - a crystal ball of energy
 G - a phantom mirror


   Skills:
 - Level 6.1 Short Blades
 * Level 6.4 Dodging
 - Level 6.0 Stealth
 - Level 4.0 Shields
 - Level 9.0 Spellcasting
 - Level 0.7 Transmutations
 - Level 9.0 Earth Magic


You had 13 spell levels left.
You knew the following spells:

 Your Spells              Type           Power        Failure   Level  Hunger
a - Sandblast             Erth           #####.       1%          1    N/A
b - Passwall              Tmut/Erth      ###.....     1%          2    N/A
c - Stone Arrow           Conj/Erth      ###...       1%          3    N/A
d - Lee's Rapid Deconstr  Erth           #####.....   2%          5    N/A
e - Petrify               Tmut/Erth      ###.....     5%          4    N/A

Your spell library contained the following spells:

 Spells                   Type           Power        Failure   Level  Hunger
 Cause Fear               Hex            #.........   34%         4    N/A
 Summon Small Mammal      Summ           #...         4%          1    N/A
 Summon Ice Beast         Ice/Summ       #.......     34%         4    N/A
 Call Imp                 Summ           #.......     6%          2    N/A
 Deflect Missiles         Chrm/Air       #.........   99%         6    N/A
 Call Canine Familiar     Summ           #.......     12%         3    N/A
 Silence                  Hex/Air        #.........   67%         5    N/A
 Discord                  Hex            #.........   100%        8    N/A
 Summon Lightning Spire   Summ/Air       #.......     34%         4    N/A
 Summon Guardian Golem    Hex/Summ       #.......     12%         3    N/A
 Yara's Violent Unravell  Hex/Tmut       #.........   63%         5    N/A

Dungeon Overview and Level Annotations

Branches:
Dungeon (11/15)            Temple (1/1) D:7
   Lair: D:8-11         Orc: D:9-12

Altars:
Ashenzari
Cheibriados
Dithmenos
Elyvilon
Fedhas
Gozag
Hepliaklqana
Kikubaaqudgha
Makhleb
Nemelex Xobeh
Okawaru
Qazlal
Ru
Sif Muna
Trog
Uskayaw
Vehumet
Wu Jian
Xom
Yredelemnul
Zin
The Shining One

Shops:
D:6 [*?}*   D:7 [   D:8 [

Annotations:
D:5 Duvessa
D:6 2 transporters


Innate Abilities, Weirdness & Mutations

You do not eat or drink.
Your flesh is vulnerable to fire.
You are immune to poison.
Your flesh is cold resistant. (rC+)
You are immune to negative energy. (rN+++)
You are immune to unholy pain and torment.
You can survive without breathing.


Message History

The hippogriff is moving more slowly.
The hippogriff stops moving altogether!
The helpless hippogriff fails to defend itself.
You impale the hippogriff!! You drain the hippogriff!
The hippogriff is heavily wounded.
The helpless hippogriff fails to defend itself.
You skewer the hippogriff like a kebab!!!
The hippogriff is almost dead.
The worker ant waves its antennae.
Casting: Petrify (safe; 5% risk of failure)
Confirm with . or Enter, or press ? or * to list all spells.
Aiming: Lee's Rapid Deconstruction (safe; 2% risk of failure)
Press: ? - help, Dir - move target cursor, f/p - hippogriff Fragment what (e.g. wall or brittle monster)?: a hippogriff (almost dead, petrified, lightly drained)
The hippogriff shatters!
You blow up the hippogriff!
The blast of petrified fragments hits the two-headed ogre.
The two-headed ogre is moderately wounded.
You hear a shout!
Casting: Lee's Rapid Deconstruction (safe; 2% risk of failure)
Confirm with . or Enter, or press ? or * to list all spells.
Aiming: Petrify (safe; 5% risk of failure)
Press: ? - help, Shift-Dir - straight line, f - two-headed ogre
Aim: a two-headed ogre, wielding two giant clubs (moderately wounded, chance to defeat MR: 36%)
The two-headed ogre easily resists.
Casting: Petrify (safe; 5% risk of failure)
Confirm with . or Enter, or press ? or * to list all spells.
Aiming: Petrify (safe; 5% risk of failure)
Press: ? - help, Shift-Dir - straight line, f/p - two-headed ogre
Aim: a two-headed ogre, wielding two giant clubs (moderately wounded, chance to defeat MR: 36%)
The two-headed ogre easily resists.
Casting: Petrify (safe; 5% risk of failure)
Confirm with . or Enter, or press ? or * to list all spells.
Aiming: Petrify (safe; 5% risk of failure)
Press: ? - help, Shift-Dir - straight line, f/p - two-headed ogre
Aim: a two-headed ogre, wielding two giant clubs (moderately wounded, chance to defeat MR: 36%)
The two-headed ogre easily resists.
Casting: Petrify (safe; 5% risk of failure)
Confirm with . or Enter, or press ? or * to list all spells.
Aiming: Petrify (safe; 5% risk of failure)
Press: ? - help, Shift-Dir - straight line, f/p - two-headed ogre
Aim: a two-headed ogre, wielding two giant clubs (moderately wounded, chance to defeat MR: 36%)
The two-headed ogre easily resists.
The two-headed ogre barely misses you.
The two-headed ogre hits you with a giant club!!
Casting: Petrify (safe; 5% risk of failure)
Confirm with . or Enter, or press ? or * to list all spells.
You don't have enough magic to cast that spell.
Casting: Petrify (safe; 5% risk of failure)
Confirm with . or Enter, or press ? or * to list all spells.
You don't have enough magic to cast that spell.
You hit the two-headed ogre.
The two-headed ogre is moderately wounded.
You hit the two-headed ogre. You drain the two-headed ogre!
The two-headed ogre is heavily wounded.
The two-headed ogre hits you with a giant club!
* * * LOW HITPOINT WARNING * * *
The two-headed ogre hits you with a giant club!
* * * LOW HITPOINT WARNING * * *
You hit the two-headed ogre. You drain the two-headed ogre!
The two-headed ogre is heavily wounded.
The two-headed ogre hits you with a giant club!
* * * LOW HITPOINT WARNING * * *
The two-headed ogre hits you with a giant club!
You die...

#.# #.
##.## #.#
#Z ###†##
#.#
....###.#
#. .⌠..
#.# #....
#.# #....
#.# #..⌠
#a# #...
#O# #@#
.## ###.#
#..
##..##
#####...
#...#
...# #..
##..##
##.# #..
#..##
#.##
#.###.##
### #..##
#.#.##
##.#
#...##
#.##
##..#


You could see a two-headed ogre and a worker ant.

Vanquished Creatures
  An orc warlord (Bailey)
  Pikel (D:8)
  3 orc knights (Bailey)
  Joseph (D:9)
  Psyche (D:8)
  A centaur skeleton (D:10)
  Grinder (D:5)
  A hornet (D:7)
  Prince Ribbit (D:6)
  2 hippogriffs
  6 yaks
  Grum (D:8)
  Edmund (D:7)
  A water moccasin (D:8)
  A sky beast (D:7)
  4 slaves (D:8)
  14 orc warriors
  A phantom (D:9)
  The ghost of iamserjio the Chopper, an amateur NaBe of Trog (D:3)
  2 black bears (D:8)
  An ogre (D:8)
  2 wolves
  The ghost of Nib the Slasher, an amateur HuWn (D:3)
  2 centaurs (D:8)
  2 gnoll sergeants
  Blork the orc (D:5)
  5 bullfrogs
  2 scorpions
  Dowan (D:5)
  12 killer bees
  5 wights (D:8)
  2 howler monkeys
  A crimson imp (D:9)
  A jelly (D:7)
  A hound (D:4)
  An orc priest (D:9)
  6 orc wizards
  3 iguanas
  2 bullfrog skeletons
  6 worker ants
  A killer bee zombie (D:10)
  A hound skeleton (D:6)
  16 gnolls
  10 adders
  A shadow imp (D:9)
  An ooze (D:1)
  3 adder skeletons
  3 worms
  2 dart slugs
  4 leopard geckos
  37 orcs
  2 ball pythons
  10 bats
  3 giant cockroaches
  32 goblins
  18 hobgoblins
  16 jackals
  5 quokkas
  A ball python zombie (D:6)
  5 frilled lizards
  A jackal zombie (D:5)
  13 kobolds
  A quokka skeleton (D:9)
  13 rats
301 creatures vanquished.

Vanquished Creatures (others)
  4 toadstools (D:1)
4 creatures vanquished.

Grand Total: 305 creatures vanquished

Notes
Turn   | Place    | Note
-------+----------+-------------------------------------------
     0 | D:1      | Amnesiac the Mummy Earth Elementalist began the quest for the Orb.
     0 | D:1      | Reached XP level 1. HP: 13/13 MP: 4/4
   236 | D:1      | Reached XP level 2. HP: 19/19 MP: 5/5
   240 | D:1      | Learned a level 2 spell: Passwall
   853 | D:1      | Reached XP level 3. HP: 24/24 MP: 7/7
   858 | D:1      | Learned a level 3 spell: Stone Arrow
  1230 | D:2      | Found a sacrificial altar of Ru.
  1234 | D:2      | Reached XP level 4. HP: 30/30 MP: 6/9
  2417 | D:3      | Reached XP level 5. HP: 12/35 MP: 7/11
  2818 | D:3      | Found a runed gate.
  2818 | D:3      | Found a runed gate.
  2820 | D:3      | Found a runed gate.
  2823 | D:3      | Noticed iamserjio's ghost (amateur NaBe)
  2826 | D:3      | Noticed Nib's ghost (amateur HuWn)
  3018 | D:3      | Killed iamserjio's ghost
  3028 | D:3      | Killed Nib's ghost
  3028 | D:3      | Reached skill level 5 in Spellcasting
  3028 | D:3      | Reached skill level 5 in Earth Magic
  3028 | D:3      | Reached XP level 6. HP: 31/41 MP: 1/13
  3390 | D:4      | Learned a level 4 spell: Petrify
  4052 | D:5      | Entered Level 5 of the Dungeon
  4112 | D:5      | Noticed Dowan
  4127 | D:5      | Killed Dowan
  4137 | D:5      | Noticed Duvessa
  4282 | D:5      | Noticed an orc warrior
  4398 | D:5      | Noticed Grinder
  4479 | D:5      | Reached XP level 7. HP: 42/46 MP: 15/15
  4495 | D:5      | Killed Grinder
  4638 | D:5      | Noticed Blork the orc
  4656 | D:5      | Killed Blork the orc
  4832 | D:5      | Found an ornate altar of the Wu Jian Council.
  4996 | D:5      | Found a radiant altar of Vehumet.
  5480 | D:5      | Reached XP level 8. HP: 33/52 MP: 12/18
  5636 | D:6      | Found Lisku's Magic Scroll Shop.
  5882 | D:6      | Learned a level 5 spell: Lee's Rapid Deconstruction
  5906 | D:6      | Found Teiffe's General Store.
  5955 | D:6      | Bought a scroll of remove curse for 36 gold pieces
  5955 | D:6      | Bought a scroll of remove curse for 36 gold pieces
  5955 | D:6      | Bought a scroll of enchant armour for 90 gold pieces
  5955 | D:6      | Bought a scroll of identify for 24 gold pieces
  5955 | D:6      | Bought a scroll of magic mapping for 42 gold pieces
  5975 | D:6      | Bought a scroll of fog for 22 gold pieces
  5975 | D:6      | Bought a scroll of noise for 11 gold pieces
  5975 | D:6      | Bought a scroll of random uselessness for 11 gold pieces
  5976 | D:6      | Bought a scroll of immolation for 38 gold pieces
  5977 | D:6      | Found Wossahyr's Gadget Shoppe.
  6002 | D:6      | Found Zuullut's General Store.
  6004 | D:6      | HP: 2/52 [adder (3)]
  6286 | D:6      | Noticed a five-headed hydra
  6287 | D:6      | Found a transporter.
  6293 | D:6      | Noticed a gargoyle
  6295 | D:6      | Found a transporter.
  6307 | D:6      | Found a blossoming altar of Fedhas.
  6370 | D:6      | Found a deep blue altar of Sif Muna.
  6373 | D:6      | Found a snail-covered altar of Cheibriados.
  6379 | D:6      | Found a hazy altar of Hepliaklqana.
  6428 | D:6      | Found Nuraxtev's Antique Armour Shop.
  6438 | D:6      | Noticed Prince Ribbit
  6447 | D:6      | Killed Prince Ribbit
  6710 | D:7      | Noticed Edmund
  6805 | D:7      | Found a shadowy altar of Dithmenos.
  6822 | D:7      | Found a shattered altar of Ashenzari.
  6822 | D:7      | Noticed a hippogriff
  6832 | D:7      | Killed a hippogriff
  6897 | D:7      | Reached XP level 9. HP: 48/57 MP: 18/21
  6901 | D:7      | Became a worshipper of Ashenzari the Shackled
  6946 | D:6      | Bought a scroll of enchant armour for 82 gold pieces
  6988 | D:7      | Killed Edmund
  7165 | D:7      | Found Muamn's Antique Armour Shop.
  7253 | D:7      | Reached skill level 1 in Short Blades
  7352 | D:7      | Found a hide-covered altar of Uskayaw.
  7493 | D:7      | Found a staircase to the Ecumenical Temple.
  7596 | D:6      | Bought a buckler for 99 gold pieces
  7676 | Temple   | Entered the Ecumenical Temple
  7937 | D:8      | Found Damyggum's Antique Armour Emporium.
  7940 | D:8      | Reached skill level 1 in Shields
  8044 | D:8      | Reached * piety under Ashenzari
  8045 | D:8      | Noticed Pikel
  8166 | D:8      | Killed Pikel
  8237 | D:8      | Noticed Psyche
  8249 | D:8      | Killed Psyche
  8389 | D:8      | Reached XP level 10. HP: 41/63 MP: 13/23
  8438 | D:8      | Noticed Grum
  8636 | D:8      | Killed Grum
  8717 | D:8      | Reached skill level 5 in Short Blades
  8866 | D:9      | Noticed Joseph
  8878 | D:9      | Killed Joseph
  8906 | D:9      | Found a flagged portal.
  8917 | Bailey   | Entered a bailey
  9410 | Bailey   | Noticed an orc knight
  9413 | Bailey   | Noticed an orc warlord
  9534 | Bailey   | Noticed an orc knight
  9537 | Bailey   | Noticed an orc knight
  9559 | Bailey   | Killed an orc knight
  9710 | Bailey   | Killed an orc knight
  9719 | Bailey   | Reached skill level 5 in Stealth
  9725 | Bailey   | Killed an orc knight
 10141 | Bailey   | Killed an orc warlord
 10141 | Bailey   | Reached XP level 11. HP: 68/68 MP: 20/24
 10319 | D:9      | Reached skill level 5 in Dodging
 10423 | D:9      | Found a sparkling altar of Nemelex Xobeh.
 10514 | D:9      | Found a glowing silver altar of Zin.
 10899 | D:9      | Found a burning altar of Makhleb.
 10901 | D:9      | Noticed an angel
 10902 | D:9      | Noticed a blizzard demon
 11087 | D:10     | Entered Level 10 of the Dungeon
 11231 | D:10     | Noticed a two-headed ogre
 11298 | D:10     | HP: 3/68 [two-headed ogre/giant club (9)]
 11298 | D:10     | Mangled by a two-headed ogre

Vault maps used:
D:1:      ldierk_walled_garden_2, feat_on_display
D:2:      kb_forest_paths, nicolae_ru_great_annihilating_truth
D:3:      gammafunk_ghost_cemetery, first_ration
D:4:      grunt_decor_resistance
D:5:      nicolae_overflow_hidden_temple, kennysheep_mini, st_stairs_11,
          uniq_duvessa, uniq_blork_the_orc, uniq_edmund, uniq_grinder
D:6:      grunt_temple_overflow_diamond, gammafunk_temple_overflow_arena,
          serial_shops, shop_statue, shop, kennysheep_little_box, shop, shop,
          kennysheep_dice, uniq_prince_ribbit1
D:7:      lemuel_doored_altar, overflow_temple_1_default, lemuel_crystal_altar,
          minmay_temple_entry_nine_rooms, serial_shops,
          nicolae_shop_overgrown_old_shop
D:8:      serial_shops, shop, uniq_pikel, uniq_psyche, uniq_grum
D:9:      grunt_temple_overflow_order_and_chaos_2, lemuel_round_altar,
          enter_bailey_3, uniq_joseph
D:10:     erik_lair_orcish_takeover, serial_shops, nicolae_shop_crystal,
          muffindrake_ghost_dual_entry, grunt_ogre_cave, wad_hexagon
D:11:     minmay_orc_entry_temple_large, nrook_mini_vaults,
          yredelemnul_altar_generic
Temple:   zaba_magenta_temple
Bailey:   bailey_axe_minmay_hex_keep, bailey

Skill      XL: |  1  2  3  4  5  6  7  8  9 10 11 |
---------------+----------------------------------+-----
Spellcasting   | 3 4 5 6 8 9 |  9.0
Earth Magic    | 3 4 5 6 8 9 |  9.0
Short Blades   | 4 6 |  6.1
Stealth        | 3 5 6 |  6.0
Shields        | 2 4 |  4.0
Dodging        | 4 6 |  6.4
Transmutations | |  0.7

Action                   |  1- 3 |  4- 6 |  7- 9 | 10-12 || total
-------------------------+-------+-------+-------+-------++-------
Melee: Short sword       |       |   121 |   116 |       ||   237
       Dagger            |       |       |   214 |   549 ||   763
 Fire: Hunting sling     |    89 |    98 |       |       ||   187
 Cast: Sandblast         |     4 |    27 |    72 |    52 ||   155
       Petrify           |       |       |    25 |    56 ||    81
       Passwall          |       |       |     1 |     1 ||     2
       Lee's Rapid Decon |       |       |     1 |     4 ||     5
Invok: Curse Item        |       |       |     6 |       ||     6
Evoke: Wand              |       |       |     2 |    15 ||    17
 Stab: Sleeping          |       |     1 |     2 |     5 ||     8
       Petrified         |       |       |    60 |    52 ||   112
       Petrifying        |       |       |     6 |     7 ||    13
       Confused          |       |       |     1 |       ||     1
       Distracted        |       |       |       |     2 ||     2
Armor: Robe              |     5 |    38 |    65 |    68 ||   176
Dodge: Dodged            |    13 |   100 |   222 |   225 ||   560
Block: Buckler           |       |       |       |    67 ||    67

Table legend:
 A = Spawn XP
 B = Non-spawn XP
 C = Spawn XP percentage of total XP
 D = Spawn monster count
 E = Non-spawn monster count
 F = Spawn count percentage of total count
 G = Total turns spent on level
                    A         B        C        D         E        F      G
               +---------+---------+-------+---------+---------+-------+---------
         Total |       0 |   15469 |   0.0 |       0 |     297 |   0.0 | 11298
               +---------+---------+-------+---------+---------+-------+---------
           D:1 |       0 |      45 |   0.0 |       0 |      24 |   0.0 |  1030
           D:2 |       0 |     123 |   0.0 |       0 |      28 |   0.0 |  1292
           D:3 |       0 |     308 |   0.0 |       0 |      26 |   0.0 |   782
           D:4 |       0 |     143 |   0.0 |       0 |      10 |   0.0 |  1026
           D:5 |       0 |     820 |   0.0 |       0 |      21 |   0.0 |  1459
           D:6 |       0 |    1070 |   0.0 |       0 |      29 |   0.0 |  1288
           D:7 |       0 |    1179 |   0.0 |       0 |      21 |   0.0 |   926
           D:8 |       0 |    2857 |   0.0 |       0 |      26 |   0.0 |   940
           D:9 |       0 |    2425 |   0.0 |       0 |      36 |   0.0 |  1101
          D:10 |       0 |    1065 |   0.0 |       0 |       7 |   0.0 |   141
        Bailey |       0 |    5434 |   0.0 |       0 |      69 |   0.0 |  1233
               +---------+---------+-------+---------+---------+-------+---------
